[Event "*** Titled Tuesday Blitz"]
[Site "Chess.com"]
[Date "2021.04.27"]
[Round "10"]
[White "Mikhail_Golubev"]
[Black "fyall777"]
[Result "0-1"]
[WhiteElo "2544"]
[BlackElo "2421"]
[TimeControl "180+1"]
[EndTime "11:55:05 PDT"]
[Termination "fyall777 won on time"]

1. e4 e5 2. Nf3 Nf6 3. Nxe5 d6 4.
Nf3 Nxe4 5. Nc3 Nf6 6. d4 Be7 7. Bd3 O-O 8. O-O Bg4 9. h3 Bh5 10. Re1 Nc6 11. d5 Ne5 12. g4 Nxd3 13. Qxd3 Bg6 14.
Qe2 Re8 15. Be3 Nd7 16. Qd2 Bf6 17. Nd4 Ne5 18. b3 c5 19. dxc6 bxc6 20. f4 c5 21.
fxe5 cxd4 22. exf6 dxe3 23. Rxe3 Rxe3 24. Qxe3 Qxf6 25.
Rf1 Qe6 26. Qxe6 fxe6 27. Rd1 d5 28. Nb5 Bxc2 29. Re1 Be4 30. Nc3 Bg6 31. Rxe6 d4 32. Nd5 d3 33. Rd6 Re8 34. Nf4 Re1+ 35. Kf2 Ra1 36.
Nxg6 Rxa2+ 37. Ke3 hxg6 38. Kxd3 Rh2 39. Rxg6 Rxh3+ 40. Kc4 Rg3 41. b4 Kh7 42. Rg5 g6 43. Ra5 Rxg4+ 44. Kb3 Rg3+ 45. Ka4 g5 46. Rxa7+ Kg6 47. b5 Rg1 48. Rd7 Rb1 49. Ka5 g4 50. b6 Kf5 51.
b7 g3 52. Rd5+ Kg4 53. Rb5 Ra1+ 54. Kb4 Rb1+ 55. Ka4 Ra1+ 56. Kb3 Rb1+ 57. Kc4 Rc1+ 58. Kb3 Rb1+ 59. Kc4 Rc1+ 60. Kb4 Rb1+ 61. Ka5 Ra1+ 62. Kb6 g2 63. b8=Q g1=Q+ 64. Kb7 Qg2+ 0-1

[Event "*** Titled Tuesday Blitz"]
[Site "Chess.com"]
[Date "2021.04.27"]
[Round "10"]
[White "ljuks68"]
[Black "MuhittinBuker"]
[Result "1-0"]
[WhiteElo "2449"]
[BlackElo "2218"]
[TimeControl "180+1"]
[EndTime "11:55:10 PDT"]
[Termination "ljuks68 won by checkmate"]

1. e4 e5 2. Nf3 Nc6 3. Bb5 a6 4. Ba4 Nf6 5. Qe2 b5 6. Bb3 Bc5 7. c3 d6 8. d3 Bg4 9. h3 Bh5 10.
g4 Bg6 11. Bg5 Qe7 12. Nbd2 Na5 13. Bc2 Bb6 14. Nf1 c5 15. Ne3 Qe6 16. b4 cxb4 17.
cxb4 Bxe3 18. fxe3 Nc6 19. Bb3 Qd7 20. Bxf6 gxf6 21. a3 h5 22. Nh4 hxg4 23. hxg4 O-O-O 24. Kd2 Kb8 25. a4 Nxb4 26. axb5 Qxb5 27. Bc4 Qb6 28. Nxg6 fxg6 29. Rhb1 a5 30. Rh1 g5 31. Qf3 Rxh1 32. Qxh1 Rc8 33. Ke2 Qa7 34. Qd1 Rh8 35.
Qg1 Rh4 36. Rf1 Nc2 37. Rxf6 Qh7 38. Rf8+ Kc7 39. Rf7+ Qxf7 40. Bxf7 Rh3 41. Bc4 Nb4 42. Qg2 Rh4 43. Qf2 Nc6 44. Qf7+ Kb6 45. Qe6 Rh2+ 46.
Kf3 Rh3+ 47. Kf2 Rh2+ 48. Kg3 Re2 49. Qxd6 Rxe3+ 50. Kf2 Rh3 51. Bd5 Rh2+ 52. Kg3 Rc2 53. Bxc6 Rxc6 54. Qxe5 Rc5 55. Qd4 Kb5 56. e5 a4 57. e6 a3 58. e7 Rc8 59. Qd7+ Kb4 60. Qxc8 a2 61. Qa6 Kc3 62. e8=Q Kd2 63. Qe5 a1=Q 64. Qaa5+ Kc2 65. Qexa1 Kxd3 66. Q5c3+ Ke4 67. Qae1+ Kd5 68. Qee5# 1-0

[Event "*** Titled Tuesday Blitz"]
[Site "Chess.com"]
[Date "2021.04.27"]
[Round "10"]
[White "sokidze"]
[Black "AlexPapasimakopoulos"]
[Result "1-0"]
[WhiteElo "2701"]
[BlackElo "2581"]
[TimeControl "180+1"]
[EndTime "11:55:11 PDT"]
[Termination "sokidze won by checkmate"]

1. e4 e6 2. d4 d5 3. Nd2 Nf6 4. e5 Nfd7 5. Bd3 c5 6. c3 Nc6 7. Ne2 cxd4 8. cxd4 f6 9. exf6 Nxf6 10. O-O Bd6 11. Nf3 Qc7 12. h3 O-O 13. Be3 Bd7 14. Re1 Be8 15. Ng5 Bf7 16. Rc1 h6 17. Nxf7 Qxf7 18. Bb1 e5 19. dxe5 Bxe5 20. b3 d4 21. Bd2 Rad8 22. Bd3 Kh8 23. Rf1 Nd5 24. a3 Bb8 25. b4 a6 26. Bb1 Qc7 27. g3 Nf6 28. Nf4 Rfe8 29. Qb3 g5 30. Ne6 Qf7 31. Nxd4 Qxb3 32. Nxb3 Ne4 33. Bxe4 Rxe4 34. Bc3+ Kg8 35. Nc5 Re2 36. Nxb7 Rf8 37. Nc5 Ba7 38. Rcd1 Bxc5 39. bxc5 Rf5 40. Rd6 Rxc5 41. Ba1 Kh7 42. Rb1 Re7 43.
Rbd1 Rf7 44. Re6 Rc2 45. Rdd6 Rc1+ 46. Kg2 Rxa1 47. Rxh6+ Kg7 48. Rxc6 Rxa3 49. Rhg6+ Kh7 50. Rxg5 Ra2 51. h4 Raxf2+ 52. Kh3 Ra7 53. Ra5 Rf3 54. Rcxa6 Rg7 55. Rh5+ Kg8 56. Ra8+ Rf8 57. Rxf8+ Kxf8 58. Rf5+ Kg8 59. Rf3 Rd7 60. g4 Kg7 61. h5 Kh6 62.
Kh4 Rd6 63. g5+ Kg7 64. Rf4 Ra6 65. Kg4 Ra7 66. h6+ Kh7 67. Kh5 Ra8 68. g6+ Kg8 69.
Rf5 Rb8 70. h7+ Kg7 71. Rf7+ Kh8 72. Kh6 Rb1 73. Rf8# 1-0

[Event "*** Titled Tuesday Blitz"]
[Site "Chess.com"]
[Date "2021.04.27"]
[Round "10"]
[White "Ajedrez_con_German"]
[Black "vinniethepooh"]
[Result "1-0"]
[WhiteElo "2543"]
[BlackElo "2702"]
[TimeControl "180+1"]
[EndTime "11:55:14 PDT"]
[Termination "Ajedrez_con_German won by resignation"]

1. d4 Nf6 2. Bf4 d5 3. e3 c5 4. c3 Nc6 5. Nd2 e6 6. Ngf3 cxd4 7. exd4 Nh5 8. Bg5 f6 9. Bh4 Bd6 10. Bg3 O-O 11. Bd3 g6 12. O-O e5 13. dxe5 fxe5 14. Qb3 Be6 15. Qxb7 Na5 16. Qa6 Nxg3 17. hxg3 e4 18. Bxe4 dxe4 19. Nxe4 Bc4 20. Qxd6 Qxd6 21. Nxd6 Bxf1 22. Kxf1 Rad8 23. Ne4 Kg7 24. Nd4 Rfe8 25. Ng5 Rb8 26. b3 h6 27. Nge6+ Kf6 28. Nf4 Rbc8 29.
c4 Kf7 30. Nd5 Red8 31. Re1 Rd7 32. f4 Nc6 33. Nxc6 Rxc6 34. Kf2 Ra6 35. Re2 Rad6 36.
Kf3 a5 37. g4 a4 38. f5 axb3 39. axb3 Rb7 40. b4 Rc6 41. Rc2 Rd7 42. Ke4 gxf5+ 43.
gxf5 Rc8 44. Kd4 Rg8 45. b5 Rc8 46. b6 Rb7 47. Rb2 Rc6 48. c5 Ke8 49. Nb4 Rf6 50.
Ke5 Kf7 51. Nd5 Rc6 52. Kd4 Ke8 53. Kc4 Kd8 54. Nb4 Rf6 55. g4 Re7 56. Nd3 Re4+ 57. Kc3 Kc8 58. Nb4 Kb7 59. c6+ Kxb6 60. Nd5+ Kxc6 61. Nxf6 Re3+ 62. Kd4 Re7 63. Ne4 Ra7 64. Ke3 Kd5 65. Kf4 Ra4 66. Rd2+ Kc6 67. f6 Ra7 68. Kf5 Kc7 69. g5 hxg5 70. Nxg5 Ra2 71. Rxa2 1-0

[Event "*** Titled Tuesday Blitz"]
[Site "Chess.com"]
[Date "2021.04.27"]
[Round "10"]
[White "AlexTriapishko"]
[Black "elextranjero00"]
[Result "1-0"]
[WhiteElo "2875"]
[BlackElo "2617"]
[TimeControl "180+1"]
[EndTime "11:55:15 PDT"]
[Termination "AlexTriapishko won by resignation"]

1. Nf3 d5 2. g3 Nd7 3. d4 Nb6 4. Bg2 Bf5 5. O-O e6 6. c3 h6 7.
Nbd2 Nf6 8. Re1 Be7 9. Ne5 O-O 10. e4 Bh7 11. Nd3 Rc8 12. Qe2 Re8 13. a4 a5 14.
Nc5 Bxc5 15. dxc5 Nbd7 16. e5 Ne4 17. Nxe4 dxe4 18. c6 bxc6 19. Bxe4 Bxe4 20. Qxe4 Nc5 21. Qg4 Kh8 22. Be3 Nd3 23. Red1 Nxe5 24. Qf4 Qg5 25.
Qxg5 hxg5 26. Kg2 f6 27. b4 Nc4 28. Bc5 Red8 29. bxa5 Rxd1 30. Rxd1 Ra8 31. Bb4 c5 32. Bxc5 Rxa5 33. Bf8 Kg8 34. Rd8 Kf7 35. Bb4 Rxa4 36. Rd7+ Kg6 37. Rxc7 Ne5 38. Bf8 Nf7 39. c4 Ra8 40. Bb4 Ne5 41. Bc3 Nd3 42. Rd7 Nc5 43. Rc7 Ne4 44. Bd4 e5 45. Be3 Ra2 46. Kf3 Nd2+ 47.
Bxd2 Rxd2 48. g4 Rc2 49. Ke3 f5 50. Rc6+ Kf7 51. gxf5 Rc3+ 52. Ke4 Rc2 53. f3 Rc3 54. Rc5 Kf6 55. Rc6+ Kf7 56. Rc7+ Kf6 57. Rc8 Kf7 58. Kxe5 Rxf3 59. Rc7+ Kf8 60. c5 Re3+ 61. Kd6 Rd3+ 62. Kc6 g4 63. Rc8+ Ke7 64. Rh8 Kf6 65. Kb7 Kxf5 66.
c6 Rc3 67. c7 g3 68. hxg3 Kg4 69. c8=Q+ Rxc8 70. Kxc8 g5 71. Rg8 1-0

[Event "*** Titled Tuesday Blitz"]
[Site "Chess.com"]
[Date "2021.04.27"]
[Round "10"]
[White "KyrgyzFighter"]
[Black "Jospem"]
[Result "0-1"]
[WhiteElo "2460"]
[BlackElo "2997"]
[TimeControl "180+1"]
[EndTime "11:55:17 PDT"]
[Termination "Jospem won by resignation"]

1. c4 c5 2. Nf3 Nc6 3. d4 cxd4 4. Nxd4 Nf6 5. Nc3 e6 6. a3 Bc5 7. Nb3 Be7 8. g3 b6 9. Bg2 Ba6 10. Nd2 Rc8 11. b3 d5 12. cxd5 exd5 13. O-O O-O 14. Bb2 Re8 15. Re1 d4 16. Nce4 Nxe4 17. Nxe4 Qd7 18. Rc1 Red8 19. b4 Ne5 20. Rxc8 Bxc8 21. e3 dxe3 22. Qxd7 Nxd7 23. Rxe3 Kf8 24. h4 h6 25. Bh3 Nb8 26. Bxc8 Rxc8 27. Nd2 f6 28. Nf3 Kf7 29. Nd4 h5 30. Nf5 Bf8 31. Rd3 Rc2 32. Bd4 Nc6 33. Be3 Ne5 34. Rd8 Ra2 35. Ra8 Rxa3 36.
Bxb6 a6 37. b5 Nd7 38. Ra7 Ke8 39. Be3 g6 40. Ra8+ Kf7 41. Ra7 gxf5 42. Rxd7+ Ke6 43. Rb7 axb5 44. Rxb5 Bd6 45. Rb6 Kd7 46. Rb7+ Ke6 47. Rh7 Bxg3 48. fxg3 Rxe3 49. Kf2 Ra3 50. Rxh5 Ke5 51.
Rh8 f4 52. gxf4+ Kxf4 53. Rf8 Ra2+ 54. Ke1 f5 55. h5 Rh2 56. Rh8 Kf3 57. h6 Rh1+ 58. Kd2 f4 59. h7 Rh4 60. Kd3 Rh3 61. Kd2 Rh6 62. Kd3 Rd6+ 63. Kc4 Rd7 64. Kc3 Rf7 65. Kd4 Kf2 66. Ke4 f3 67. Ra8 Rxh7 68.
Ra2+ Kg3 69. Ra3 Re7+ 70. Kd3 f2 71. Kd2+ Kg2 72. Ra1 0-1

[Event "*** Titled Tuesday Blitz"]
[Site "Chess.com"]
[Date "2021.04.27"]
[Round "10"]
[White "KubaGepard"]
[Black "Omk124"]
[Result "1-0"]
[WhiteElo "2410"]
[BlackElo "2530"]
[TimeControl "180+1"]
[EndTime "11:55:25 PDT"]
[Termination "KubaGepard won by checkmate"]

1. d4 Nf6 2. Nf3 g6 3. g3 Bg7 4. Bg2 O-O 5. O-O d5 6. c4 c6 7.
Qb3 dxc4 8. Qxc4 Nbd7 9. h3 Nb6 10.
Qb3 Be6 11. Qd1 Nc4 12. Nc3 Qb6 13. b3 Qb4 14. Na4 Nd6 15. Nc5 Bd5 16. Bb2 Nfe4 17.
Nd3 Qb6 18. e3 Rfd8 19. Qe2 Nb5 20. Rfc1 a5 21. Nfe5 a4 22. Nc4 Qc7 23. Rab1 axb3 24.
axb3 Ra2 25. Qe1 Rda8 26. Nb4 R2a7 27. Nxd5 cxd5 28. Nd2 Qb6 29. Nxe4 dxe4 30. Bxe4 Nd6 31. Bg2 Qxb3 32. e4 Nb5 33. e5 Qa4 34. d5 Nd4 35.
Qe3 Nf5 36. Qe2 Qd7 37. e6 fxe6 38. Bxg7 Nxg7 39. dxe6 Qxe6 40. Qxe6+ Nxe6 41. Bd5 Kf7 42. Rb6 Ra6 43. Bxe6+ Kf6 44. Rxa6 Rxa6 45. Bc8 Rb6 46. Rc7 Rb1+ 47. Kg2 b5 48. Rb7 b4 49. Bd7 b3 50.
Ba4 b2 51. Bc2 Rc1 52. Rxb2 h5 53. Be4 e6 54. h4 Rc4 55. Bf3 Rc3 56. Re2 Ra3 57. Re4 Rc3 58. Rf4+ Kg7 59. Be4 Rc4 60. Bd3 Rc3 61. Bf1 Rc1 62. Be2 Rc2 63. Re4 Kf6 64. Bd3 Rc3 65. Re3 Ra3 66. Rf3+ Kg7 67. Bc4 Ra4 68.
Bxe6 Ra6 69. Bc4 Rc6 70. Bd3 Kh6 71. Rf7 Rd6 72. Be4 Re6 73. Rf4 Kg7 74. Kf3 Kh6 75. Ke3 Kg7 76. Kd4 Ra6 77. Ke5 Ra5+ 78. Bd5 Ra2 79.
Rf7+ Kh6 80. f4 Re2+ 81. Kf6 Re3 82. Rf8 Kh7 83. Bg8+ Kh6 84. Bf7 Kh7 85. Bxg6+ Kh6 86. Rh8# 1-0

[Event "*** Titled Tuesday Blitz"]
[Site "Chess.com"]
[Date "2021.04.27"]
[Round "10"]
[White "KhatanbaatarBazar"]
[Black "Beca95"]
[Result "1/2-1/2"]
[WhiteElo "2696"]
[BlackElo "2871"]
[TimeControl "180+1"]
[EndTime "11:55:30 PDT"]
[Termination "Game drawn by repetition"]

1. e4 c5 2. Nf3 Nc6 3. Bb5 e6 4. O-O Nge7 5. d4 cxd4 6. Nxd4 a6 7. Bxc6 bxc6 8. c4 d6 9. Nc3 e5 10. Nde2 Ng6 11. Be3 Be6 12. b3 Be7 13. Qd2 O-O 14.
Rfd1 Qc7 15. Rac1 Rad8 16. Ng3 Rfe8 17. Na4 Qb7 18. Qe2 d5 19. c5 Bf8 20. Qf3 f6 21. h3 Qf7 22. Nf5 Kh8 23. Nb6 d4 24. Bd2 Qb7 25. Na4 Qb5 26. g3 Kg8 27. h4 Nh8 28. g4 Nf7 29. Kh2 g6 30. Ng3 Bg7 31. Rg1 Kh8 32. h5 Ng5 33. Bxg5 fxg5 34. hxg6 hxg6 35.
Kg2 Kg8 36. Qd1 Rf8 37. Qd2 Rf4 38. f3 d3 39. Rc3 Rdf8 40. Rf1 Rd8 41. Nb2 Bf8 42.
Nxd3 Rf6 43. Qxg5 Bg7 44. Qe3 Rdf8 45. Rf2 Qb8 46. Rcc2 R6f7 47. Qg5 Bf6 48. Qh6 Rh7 49. Qe3 Kh8 50. Rf1 Kg7 51. Rcc1 Rfh8 52. Rh1 Bh4 53.
Ne2 Qc7 54. Nf2 Qe7 55. Nh3 Kf7 56. Rcd1 Bf6 57. Rd6 Rh4 58. Nf2 Rxh1 59. Nxh1 Bg5 60. Qc3 Qf6 61. Nf2 Bf4 62. Nh3 Qh4 63. Nexf4 exf4 64. Nxf4 Qh2+ 65. Kf1 Qh1+ 66. Ke2 Rh2+ 67. Ke3 Qg1+ 68.
Kd3 Qd1+ 69. Ke3 Qg1+ 70. Kd3 Qd1+ 71. Ke3 Qg1+ 1/2-1/2

[Event "*** Titled Tuesday Blitz"]
[Site "Chess.com"]
[Date "2021.04.27"]
[Round "10"]
[White "Vaathi_Coming"]
[Black "OK97"]
[Result "0-1"]
[WhiteElo "2875"]
[BlackElo "2770"]
[TimeControl "180+1"]
[EndTime "11:55:35 PDT"]
[Termination "OK97 won by resignation"]

1. b3 e5 2. Bb2 Nc6 3. g3 d5 4. Bg2 Nf6 5. e3 Bd6 6. d3 Be6 7. Nd2 Qd7 8. h3 O-O 9. Ne2 a5 10. a3 b5 11. g4 Qe7 12. Ng3 g6 13. O-O Rab8 14. Qe2 Nd7 15. f4 f6 16. Kh2 Bf7 17. f5 g5 18. e4 d4 19. Nf3 Kg7 20. Kg1 a4 21. b4 Na7 22. h4 h6 23. Bc1 c5 24. bxc5 Bxc5 25. hxg5 hxg5 26. Nxg5 Rh8 27. Nxf7 Qxf7 28. Nh5+ Kf8 29. Bf3 Ke7 30. g5 fxg5 31. Bxg5+ Kd6 32. Kf2 Rbg8 33. Rg1 Nc6 34. Rg2 Kc7 35.
Rgg1 Qf8 36. Rab1 b4 37. axb4 Bxb4 38. Bd2 Rxg1 39. Rxg1 a3 40. Qd1 Qe7 41. Bg5 Qc5 42. Ng7 Qc3 43. Ne6+ Kd6 44. Kg3 a2 45. Bg4 Ra8 46. Qe2 a1=Q 47. Rxa1 Rxa1 48. f6 Rg1+ 49.
Kh2 Qa1 50. Bf3 Re1 51. Qg2 Rf1 52. f7 Qe1 53. f8=Q+ Nxf8 54. Nxf8 Rf2 55. Ng6 Rxg2+ 56. Bxg2 Bd2 57. Bh4 Qc1 58. Bg3 Qxc2 59. Nh4 Be3 60. Nf5+ Kc5 61. Kh3 Qc1 62. Bf3 Qd2 63. Kg4 Qxd3 64.
Bh4 Qd2 65. Bf6 Bf4 66. Bg7 d3 67. Bf8+ Kb6 68. Nd6 Qe1 69. Nc4+ Kc7 70. Bd6+ Kd8 71. Bc5 d2 72. Bb6+ Kd7 73. Nb2 Nd4 74. Bxd4 Qg3+ 75. Kf5 Qxf3 76. Nc4 exd4 77. Ne5+ Bxe5+ 78. Kxe5 d1=Q 0-1

[Event "*** Titled Tuesday Blitz"]
[Site "Chess.com"]
[Date "2021.04.27"]
[Round "10"]
[White "davidkalashian"]
[Black "Dyadya81"]
[Result "0-1"]
[WhiteElo "2585"]
[BlackElo "2722"]
[TimeControl "180+1"]
[EndTime "11:55:39 PDT"]
[Termination "Dyadya81 won by checkmate"]

1. d4 Nf6 2. c4 g6 3. Nc3 Bg7 4. e4 d6 5. Be2 O-O 6. Bg5 Nbd7 7. Qd2 e5 8. d5 Nc5 9. f3 a5 10. g4 c6 11. h4 cxd5 12. cxd5 a4 13. h5 Qb6 14.
Rd1 a3 15. b3 Qb4 16. h6 Bh8 17. Nb5 Qxd2+ 18. Bxd2 Bxg4 19. fxg4 Nfxe4 20. Bb4 Bf6 21. Nxd6 Nxd6 22. Bxc5 Ne4 23. Bxf8 Kxf8 24. Nf3 Nc3 25. Rd2 e4 26. Ng5 Bxg5 27. Rc2 Nxd5 28. Bc4 Nb4 29. Rf2 f6 30. Re2 Rd8 31. O-O e3 32. Rfe1 Rd2 33.
Ra1 Bxh6 34. Rxd2 exd2 35. Be2 Nc2 36. Rf1 Ke7 37. Kf2 Be3+ 38. Kf3 Bg5 39. Ke4 Ne1 40. Bd1 Kd6 41. Rh1 h6 42. Rf1 b5 43. Kd4 b4 44. Kc4 Ke5 45. Kxb4 f5 46. Kc3 fxg4 47. Bxg4 h5 48. Bd1 h4 49. Rg1 Kf4 50. Rh1 Kg3 51.
Rg1+ Ng2 52. Kd3 h3 53. Ke4 h2 54. Rh1 Ne1 55. b4 Kg2 56. Rxh2+ Kxh2 57. b5 Bd8 58. Ke3 g5 59. Kxd2 Ba5+ 60. Ke2 Ng2 61. Kf3 Kh3 62.
Bb3 g4+ 63. Ke2 Nf4+ 64. Kf1 g3 65. Bd5 Nxd5 66. b6 Bxb6 67. Ke2 g2 68. Kf3 g1=Q 69. Ke4 Qd4+ 70. Kf5 Qe3 71. Kg6 Qe6+ 72. Kh5 Qf5+ 73. Kh6 Be3+ 74. Kg7 Qf6+ 75. Kg8 Ne7+ 76. Kh7 Qh6# 0-1

[Event "*** Titled Tuesday Blitz"]
[Site "Chess.com"]
[Date "2021.04.27"]
[Round "10"]
[White "sorrm8thatscheckm8"]
[Black "VladDobrov"]
[Result "0-1"]
[WhiteElo "2563"]
[BlackElo "2723"]
[TimeControl "180+1"]
[EndTime "11:55:43 PDT"]
[Termination "VladDobrov won by resignation"]

1. d4 h5 2. c4 h4 3. Nc3 c6 4.
e4 d6 5. Nf3 h3 6. gxh3 Bxh3 7.
Bxh3 Rxh3 8. Ng5 Rh8 9. Qf3 Nh6 10. Be3 Qa5 11. O-O-O Nd7 12. Kb1 Rc8 13. h4 a6 14.
Rc1 e6 15. h5 Be7 16. Rhg1 b5 17. cxb5 axb5 18. Qh3 b4 19. Nxe6 bxc3 20. Nxg7+ Kd8 21. Rxc3 Rb8 22. Rxc6 Rxb2+ 23. Kxb2 Qb5+ 24. Ka1 Qxc6 25. Bxh6 Rxh6 26. Nf5 Bf6 27. f4 Qxe4 28. Rg8+ Kc7 29.
Qc3+ Nc5 30. Qa5+ Kd7 31. Qb5+ Ke6 32. Re8+ Kxf5 33. Rxe4 Kxe4 34. Kb1 Bxd4 35. Qe2+ Kd5 36. Qg2+ Ne4 37. Qh3 Nf6 38. Qf3+ Kc5 39. Qa3+ Kd5 40. Qf3+ Ke6 41. Qe2+ Kd7 42. Qc4 Bc5 43. Qxf7+ Kc6 44. Qf8 Rxh5 45. Qxf6 Rh1+ 46. Kc2 Rh2+ 47. Kb3 Rh3+ 48.
Kc2 Ra3 49. Qb2 Kd5 50. Kd1 Rd3+ 51. Ke2 Re3+ 52. Kf1 Rf3+ 53. Ke1 Rxf4 54. Qd2+ Rd4 55. Qg2+ Kc4 56. Qc2+ Kb4 57. Qb3+ Ka5 58. Kf1 Rb4 59. Qc3 Ka4 60. Qc2+ Ka3 61. Qd3+ Kxa2 62. Qd5+ Kb2 63. Qd2+ Kb3 64. Qd3+ Ka2 65. Qd2+ Rb2 66. Qd5+ Ka3 67.
Qa8+ Kb3 68. Qb7+ Kc3 69. Qf3+ Kc4 70. Qe4+ Bd4 71. Qe6+ d5 72. Qc8+ Bc5 73. Qg4+ d4 74. Qe6+ Kb4 75. Qe4 Rb3 76. Qb7+ Kc3 77. Qf3+ d3 78.
Qd5 Bd4 79. Qc6+ Kd2 80. Qg2+ Kc1 81. Qg5+ d2 82. Kg2 Rc3 83. Qf4 Be3 84. Qf1+ d1=Q 0-1

[Event "*** Titled Tuesday Blitz"]
[Site "Chess.com"]
[Date "2021.04.27"]
[Round "10"]
[White "Andreikka"]
[Black "Anton_Demchenko"]
[Result "1/2-1/2"]
[WhiteElo "2890"]
[BlackElo "2936"]
[TimeControl "180+1"]
[EndTime "11:55:47 PDT"]
[Termination "Game drawn by repetition"]

1. e4 e5 2. Nf3 Nc6 3. Bb5 a6 4. Ba4 d6 5. c3 Bd7 6. d4 g6 7. Bg5 Be7 8. Be3 Nf6 9. Bc2 O-O 10.
O-O Re8 11. h3 Bf8 12. Nbd2 a5 13. Re1 a4 14. a3 Bg7 15. Bd3 Na5 16. Qc2 Qc8 17.
Rad1 c5 18. dxc5 dxc5 19. Nc4 Nxc4 20. Bxc4 b5 21. Bd5 Nxd5 22. Rxd5 Bc6 23. Rdd1 Bf8 24.
Nh2 h5 25. f3 Qe6 26. Nf1 Rad8 27. Bg5 f6 28. Bc1 Qb3 29. Qe2 b4 30. Rxd8 Rxd8 31. Qa6 Qe6 32. Ne3 bxc3 33. bxc3 c4 34. Nc2 Bc5+ 35. Be3 Ra8 36. Qxa8+ Bxa8 37. Bxc5 f5 38. exf5 gxf5 39. Bd4 e4 40. f4 e3 41. Rxe3 Qg6 42.
Re2 Be4 43. Ne3 h4 44. Rb2 Qg3 45. Rf2 Kf7 46. Rf1 Bd3 47. Rf2 Qg8 48. Rb2 Qg3 49.
Rf2 Ke6 50. Bc5 Kd7 51. Bd4 Kc6 52. Rb2 Qe1+ 53. Kh2 Qc1 54. Rb6+ Kd7 55. Nd5 Qc2 56. Be5 Be4 57. Nf6+ Ke7 58. Nxe4 fxe4 59. f5 e3 60. Rb7+ Kd8 61. f6 Qe4 62. Bc7+ Kc8 63. Rb8+ Kxc7 64. f7 Qe5+ 65. Kh1 Kxb8 66. f8=Q+ Kc7 67. Qf7+ Kd6 68. Qg6+ Kd5 69. Qf7+ Ke4 70. Qxc4+ Kf5 71. Qd3+ Kf4 72. Qf1+ Kg5 73. Qe2 Qxc3 74. Qg4+ Kf6 75. Qxh4+ Ke6 76. Qe4+ Kd6 77. Qxa4 Qe1+ 78. Kh2 e2 79. Qd4+ Ke6 80.
Qe4+ Kd6 81. Qd4+ Ke6 82. Qe4+ Kd6 83. Qd4+ 1/2-1/2

[Event "*** Titled Tuesday Blitz"]
[Site "Chess.com"]
[Date "2021.04.27"]
[Round "10"]
[White "Gerodot71"]
[Black "Valeron87"]
[Result "1/2-1/2"]
[WhiteElo "2563"]
[BlackElo "2431"]
[TimeControl "180+1"]
[EndTime "11:56:13 PDT"]
[Termination "Game drawn - insufficient material"]

1. d4 d5 2. c4 e6 3. Nf3 c6 4. Nbd2 f5 5. g3 Nf6 6. Bg2 Bd6 7. O-O Nbd7 8. e3 O-O 9. Ne1 b6 10. Nd3 Bb7 11. b3 Qe7 12. Bb2 c5 13. cxd5 Bxd5 14. Bxd5 Nxd5 15. Qf3 cxd4 16. Bxd4 Nb4 17. Nxb4 Bxb4 18. Nc4 Bc5 19. Rfd1 Rad8 20. Qb7 Nb8 21. Qxe7 Bxe7 22. Ne5 Rc8 23. Rac1 Ba3 24. Rc4 Bd6 25.
Kg2 Bxe5 26. Bxe5 Rxc4 27. bxc4 Nc6 28. Bc3 Rd8 29. Rxd8+ Nxd8 30. Kf3 Nc6 31. e4 Kf7 32. Ke3 g6 33. f3 Ke7 34. g4 fxg4 35.
fxg4 e5 36. Kd3 Kd6 37. a3 Kc5 38. Bd2 Kd6 39. Be3 Na5 40. Kc3 Nc6 41. Kd3 Nd8 42.
Bd2 Ne6 43. Bb4+ Kc6 44. Bc3 Kd6 45. Bb4+ Kc6 46. Ke3 a5 47. Be7 Kd7 48. Bf6 Kd6 49. Kd3 Nd4 50. Bg7 Nf3 51. h3 Ng5 52. h4 Ne6 53. Bf6 Nc5+ 54. Ke3 Nd7 55. Bg7 Kc5 56. Kd3 Kc6 57. h5 Kc5 58. h6 Kc6 59. g5 Kc5 60. Bh8 Kc6 61. Bg7 Kc5 62. Bf6 Kc6 63. Be7 Kc7 64. Kc3 Kc6 65. Kb3 b5 66. cxb5+ Kxb5 67. a4+ Kc6 68. Kc4 Nb6+ 69. Kb3 Kd7 70. Bc5 Kc6 71.
Be3 Nd7 72. Kc4 Nf8 73. Bd2 Ne6 74. Bxa5 Nxg5 75. Kd3 Nf7 76. Bd2 g5 77. Kc4 g4 78.
Be3 g3 79. Kd3 g2 80. Ke2 Nxh6 81. Kf3 Nf7 82. Kxg2 Nd6 83. Kf3 Nc4 84. Bf2 Nb2 85. a5 Kb5 86. Be1 Nc4 87. Kg4 Nd6 88. Kf3 h5 89.
Bg3 Kxa5 90. Bxe5 Nxe4 91. Kxe4 Kb5 92. Bh2 h4 93. Kf4 h3 94. Kg4 Kc6 95. Kxh3 1/2-1/2

[Event "*** Titled Tuesday Blitz"]
[Site "Chess.com"]
[Date "2021.04.27"]
[Round "10"]
[White "A-S-00"]
[Black "Cambek64"]
[Result "0-1"]
[WhiteElo "2322"]
[BlackElo "2478"]
[TimeControl "180+1"]
[EndTime "11:56:22 PDT"]
[Termination "Cambek64 won on time"]

1. d4 d5 2. Nf3 Bf5 3. Bf4 e6 4. e3 c6 5. Nbd2 Qb6 6. Qc1 h6 7.
c4 Nd7 8. Be2 Ngf6 9. O-O Be7 10. h3 O-O 11. Ne5 Nxe5 12. Bxe5 Nd7 13. Bf4 Bf6 14. c5 Qd8 15. Nf3 Re8 16. b4 a6 17.
a4 e5 18. dxe5 Nxe5 19. Nxe5 Bxe5 20. Bxe5 Rxe5 21. Qc3 Re8 22. b5 axb5 23. axb5 Qg5 24. Kh2 Be4 25. f3 Bg6 26. bxc6 bxc6 27. Rxa8 Rxa8 28.
f4 Qe7 29. f5 Bh7 30. f6 gxf6 31. Rxf6 Re8 32. Rxc6 Qxe3 33. Qxe3 Rxe3 34. Bf3 d4 35. Rd6 Rc3 36. c6 d3 37. Kg3 Kf8 38. Kf4 Bg6 39.
Ke3 Ke7 40. Rd7+ Ke6 41. Kd2 Rc2+ 42. Kd1 Rc3 43. Bg4+ f5 44. Bf3 f4 45. Rd4 Ke5 46. Rd5+ Ke6 47. Rd8 Bf5 48. Re8+ Kd6 49. Rd8+ Ke5 50.
Rd5+ Ke6 51. Rd4 Ke5 52. Rd5+ Kf6 53. Rd4 Kg5 54. Rd5 Kf6 55. Rd4 Rc2 56. Rxf4 Ke5 57.
Ra4 Be6 58. Ra5+ Kd4 59. Ra4+ Ke5 60. Re4+ Kd6 61. Rd4+ Kc7 62. Rxd3 Rc5 63. Re3 Kd6 64. Rd3+ Ke5 65. Re3+ Kd6 66. Ke1 Rc2 67. Kf1 Bc4+ 68. Kg1 Be6 69. Kh2 Rc4 70. Kg3 Bf5 71. Re2 Kc7 72.
Rd2 Be6 73. Kf2 Rc3 74. g4 Rc5 75. Re2 Rc3 76. Re3 Rc2+ 77. Kg3 Bc8 78. h4 Rc1 0-1

[Event "*** Titled Tuesday Blitz"]
[Site "Chess.com"]
[Date "2021.04.27"]
[Round "10"]
[White "H3nriqueTV"]
[Black "Grandmaster2B"]
[Result "0-1"]
[WhiteElo "2323"]
[BlackElo "2493"]
[TimeControl "180+1"]
[EndTime "11:56:37 PDT"]
[Termination "Grandmaster2B won on time"]

1. e4 c5 2. Nf3 d6 3. Nc3 a6 4. g3 Nc6 5. Bg2 Nf6 6. O-O Bg4 7. h3 Bh5 8. d3 e6 9. Bf4 h6 10. Re1 Be7 11. Qd2 O-O 12. a4 Rb8 13. e5 dxe5 14. Nxe5 Nxe5 15. Bxe5 Bd6 16. a5 Bg6 17. Bxf6 Qxf6 18.
Ne4 Qe7 19. Nxd6 Qxd6 20. Qe2 Rfd8 21. b3 Qd4 22. Ra4 Qd6 23. Be4 f5 24. Bg2 Be8 25.
Rh4 Bf7 26. g4 Qc7 27. Qe3 Qxa5 28. Re2 f4 29. Qxf4 Qa1+ 30. Kh2 g5 31. Qe3 gxh4 32. Qxh6 Qg7 33. Qf4 Qd4 34. Re4 Qd6 35. Re5 Kf8 36.
Qh6+ Ke7 37. f4 Rh8 38. Qg5+ Kd7 39. Qf6 Qe7 40. Qxe7+ Kxe7 41. f5 Kd6 42. Re2 exf5 43. gxf5 Bd5 44. Bf1 Bf3 45. Rf2 Bd5 46. c4 Bc6 47. Be2 Bd7 48. Bg4 Be8 49. f6 Bf7 50. Rf5 Bg6 51. Rd5+ Kc6 52. Bd7+ Kb6 53. b4 cxb4 54.
d4 Bf7 55. Rc5 Bg6 56. Bg4 Bf7 57. Re5 Bg8 58. c5+ Ka7 59. Re7 Bd5 60. Rd7 Bc6 61. Re7 Bd5 62. Rd7 Be4 63. d5 Rbd8 64. Re7 Bxd5 65. f7 Rhf8 66. c6 Bxc6 67. Be6 Be4 68. Kg1 Bf3 69. Kf2 Bc6 70. Ke3 Bh1 71. Kf4 Bg2 72. Ke5 Bc6 73. Kf6 Be8 74. Kg7 Bxf7 75. Bxf7 Rh8 76. Bd5 Rxd5 77. Kxh8 Rd3 78. Re4 Rxh3 79. Rxb4 Rh2 80. Kh7 Rh1 81. Kg6 Rh2 82. Kf5 Rh1 83. Ke5 h3 84. Kd6 Rh2 85.
Rh4 Rh1 86. Kc5 Rh2 87. Kd4 Rh1 88. Ke3 Rh2 89. Kf3 Rh1 90. Kg3 Ka8 91. Kf2 Ka7 92. Kg3 Kb6 93. Rh5 Kc6 94. Kf2 b6 95. Rh6+ Kb5 96.
Ke3 a5 97. Kd3 Ka6 98. Kc4 Rh2 99. Kd5 a4 100. Rh8 Kb5 101. Rh5 Rh1 102. Kd4+ Kb4 103.
Kd3 Rh2 104. Rh4+ Kb3 105. Rh6 b5 106. Rb6 b4 107.
Rf6 Rh1 108. Rh6 Rh2 109. Ke3 Rh1 110. Kd2 Rh2+ 111. Kc1 Rh1+ 112. Kd2 Rh2+ 113. Kc1 a3 114. Rf6 Rh1+ 115. Kd2 Rh2+ 116. Kc1 Rh1+ 117. Kd2 a2 118. Rf3+ Kc4 119. Rf4+ Kb5 120. Rf5+ Ka4 121. Rf8 a1=B 122. Ra8+ Kb5 123. Rb8+ Kc4 124. Rc8+ Kd5 125. Rd8+ Kc4 126. Rc8+ Kb3 127. Ke2 Bc3 128. Kf3 Kc2 129. Re8 b3 130. Re2+ Kd3 0-1

[Event "*** Titled Tuesday Blitz"]
[Site "Chess.com"]
[Date "2021.04.27"]
[Round "11"]
[White "Dyadya81"]
[Black "KIEV-1"]
[Result "1-0"]
[WhiteElo "2723"]
[BlackElo "2286"]
[TimeControl "180+1"]
[EndTime "11:57:44 PDT"]
[Termination "Dyadya81 won by resignation"]

1. e4 c5 2. Nc3 Nc6 3. Bb5 Nd4 4.
Bc4 e6 5. Nge2 Nxe2 6. Qxe2 a6 7.
a4 b6 8. O-O Bb7 9. f4 Ne7 10.
f5 e5 11. f6 gxf6 12. Rxf6 d5 1-0

[Event "*** Titled Tuesday Blitz"]
[Site "Chess.com"]
[Date "2021.04.27"]
[Round "11"]
[White "BahadirOzen"]
[Black "InvisibleWarrior2252"]
[Result "0-1"]
[WhiteElo "2658"]
[BlackElo "2571"]
[TimeControl "180+1"]
[EndTime "11:58:17 PDT"]
[Termination "InvisibleWarrior2252 won by resignation"]

1. g3 Nf6 2. Bg2 e6 3. Nf3 d5 4.
O-O Be7 5. d4 O-O 6. c4 dxc4 7.
Qc2 a6 8. a4 Nc6 9. Qxc4 Na5 10. Qc2 b6 11. Ne5 Bb7 12. Bxb7 Nxb7 13. Nc6 Qe8 14.
e4 Bc5 0-1